 Adventure DCSS version bcrawl-1.18.1 (webtiles) character file.

Game seed: 12692263089258805502

5453 Leeroy the Blocker (level 10, -12/63 HPs)
             Began as a Skeleton Reaver on Nov 11, 2019.
             Was an Elder of Vehumet.
             Killed by divine providence
             ... invoked by a meliai
              (13 damage)
             ... on level 11 of the Dungeon.
             The game lasted 01:06:09 (14776 turns).

Leeroy the Blocker (Skeleton Reaver)               Turns: 14776, Time: 01:06:09

Health: -12/63     AC: 18    Str: 19      XL:     10   Next: 41%
Magic:  0/21       EV: 10    Int: 17 (19) God:    Vehumet [****..]
Gold:   634        SH:  8    Dex:  8      Spells: 0/23 levels left
                                        Lives:  0   Deaths: 2

rFire    . . .     SeeInvis .   a - +3 long sword (elec)
rCold    + . .     Gourm    .   j - +1 buckler
rNeg     + + +     Faith    .   f - +0 plate armour
rPois    ∞         Spirit   +   l - +0 helmet
rElec    .         Reflect  .   r - +0 cloak
rCorr    .         Harm     .   E - +2 pair of gloves
MR       +....                  (no boots)
Stlth    ..........             (no amulet)
HPRegen  0.20/turn              C - ring of wizardry
MPRegen  0.17/turn              Z - +3 ring of intelligence

@: no status effects
A: no food or potions, cold resistance 1, deterioration 1, negative energy
resistance 3, powered by death 1, torment resistance, unbreathing, magic shield,
sturdy frame 2, spell healing
a: Renounce Religion


You were on level 11 of the Dungeon.
You worshipped Vehumet.
Vehumet was greatly pleased with you.
You were not hungry.

You visited 1 branch of the dungeon, and saw 12 of its levels.

You collected 634 gold pieces.

Inventory:

Hand Weapons
 a - a +3 long sword of electrocution (weapon)
 k - a +2 trident of distortion
 m - a +3 mace of protection
 n - a +0 short sword of draining
 q - a +2 dagger of freezing
 s - a +3 dagger
 w - a +2 quarterstaff of chaos
 A - a +0 arbalest
 G - a +3 scimitar
 H - a +4 spear
 K - a +2 hand axe
 M - a +0 dagger of electrocution
 Q - a cursed -1 war axe
 R - a +4 dagger of venom
 S - a +1 mace of crushing
 U - a +0 mace of draining
 V - a +5 falchion
 W - a +3 battleaxe
 X - a +1 halberd of freezing
Missiles
 e - 924 arrows
 i - 133 javelins
 p - 243 tomahawks
 u - 1574 stones
 y - 120 javelins of penetration (quivered)
 B - 382 bolts
 I - 75 poisoned needles
Armour
 b - +0 steam dragon scales
 f - a +0 plate armour (worn)
 j - a +1 buckler (worn)
 l - a +0 helmet (worn)
 r - a +0 cloak (worn)
 x - a +0 cloak
 E - a +2 pair of gloves (worn)
 J - a +0 pair of gloves
 P - a +0 troll leather armour
Magical Staves
 L - a cursed staff of earth
Jewellery
 d - an uncursed ring of ice
 g - an uncursed ring of fire
 C - a ring of wizardry (left hand)
 O - an uncursed ring of poison resistance
 Y - an uncursed ring of insulation
 Z - a +3 ring of intelligence (right hand)
Wands
 t - a wand of iceblast (13)
 v - a wand of flame (42)
 z - a wand of random effects (12)
 D - a wand of disintegration (12)
 N - a wand of paralysis (8)
 T - a wand of digging (1)
Scrolls
 c - a scroll of immolation
 h - 2 scrolls of identify
 o - 3 scrolls of remove curse
 F - 3 scrolls of magic mapping


   Skills:
 - Level 7.5 Fighting
 - Level 10.0 Long Blades
   Level 1.4 Bows
 - Level 5.4 Armour
 - Level 6.0 Dodging
 - Level 2.2 Stealth
 - Level 10.7 Shields
 + Level 7.4 Spellcasting
 - Level 7.4 Conjurations
 + Level 3.1 Fire Magic
 - Level 3.9 Air Magic
 - Level 8.5 Earth Magic
 - Level 1.1 Poison Magic
 - Level 0.3 Evocations


You couldn't memorise any spells.
You knew the following spells:

 Your Spells              Type           Power        Failure   Level  Hunger
a - Freeze                Ice            #.....       10%         1    N/A
b - Magic Dart            Conj           ####         1%          1    N/A
c - Iskenderun's Battles  Conj/Chrm      ###.....     43%         5    N/A
d - Ignite Poison         Fire/Tmut/Pois ##......     14%         3    N/A
e - Airstrike             Air            ###.......   17%         4    N/A
f - Lee's Rapid Deconstr  Erth           #####.....   8%          5    N/A
g - Bolt of Magma         Conj/Fire/Erth ####......   17%         5    N/A

Your spell library contained the following spells:

 Spells                   Type           Power        Failure   Level  Hunger
 Sticks to Snakes         Tmut           #.......     43%         2    N/A
 Bolt of Cold             Conj/Ice       ###.......   89%         6    N/A
 Metabolic Englaciation   Hex/Ice        #.........   100%        5    N/A
 Freezing Cloud           Ice/Air        ##........   100%        6    N/A
 Ozocubu's Refrigeration  Ice            #.........   100%        6    N/A
 Simulacrum               Ice/Necr       #.........   100%        6    N/A
 Beastly Appendage        Tmut           Unusable     N/A         1    N/A
 Spider Form              Tmut/Pois      Unusable     N/A         3    N/A
 Ice Form                 Ice/Tmut       Unusable     N/A         4    N/A
 Blade Hands              Tmut           Unusable     N/A         5    N/A

Dungeon Overview and Level Annotations

Branches:
Dungeon (12/12)               Orc (0/1) D:11         Vaults (0/3) D:11
 Temple: D:4-7         Lair: D:7-9       Depths: D:12

Altars:
Dithmenos
Fedhas
Nemelex Xobeh
Sif Muna
Trog
Vehumet
Wu Jian
Zin

Shops:
D:6 [   D:7 =   D:10 (   D:11 (   D:12 :

Annotations:
D:11 exclusion: orange crystal statue, Sonja


Innate Abilities, Weirdness & Mutations

You do not eat or drink.
You are immune to poison.
Your flesh is cold resistant. (rC+)
Your body sometimes deteriorates upon taking damage.
You are immune to negative energy. (rN+++)
You regenerate a little health from kills.
You are immune to unholy pain and torment.
You can survive without breathing.
When hurt, damage is shared between your health and your magic reserves.
Your movements are less encumbered by armour. (ER -4)
Casting spells heals you.


Message History

The meliai hits you with a +0 war axe!
* * * LOW HITPOINT WARNING * * *
The meliai stings you but does no damage.
The meliai barely misses you.
The meliai stings you but does no damage.
There is a large open door here.
The meliai hits you but does no damage. You block the meliai's attack.
There's a creature in the doorway!
You closely miss the meliai. The meliai hits you with a +0 war axe.
* * * LOW HITPOINT WARNING * * *
You block the meliai's attack. The orc warrior misses you.
Okay, then.
There are monsters nearby!
Cast which spell? (? or * to list)
Okay, then.
Okay, then.
The meliai barely misses you. You block the meliai's attack.
The meliai mumbles some strange prayers to its god against you.
Something smites you!
You die...

#.# #....(#..'.....* #.#
#.....#..'.)...* #.#
#######')#..##########
#.###....................#
#......).................#
######.####K'#..#######C.#
#!#..yo.#..K.....##O#
#.#.....#..'.....##.#
#.#.@...#..#.....##..
#.#.....#..#.....##..
#.#.....#..#.....##..
#.#######..########..
#.###.###..>.y§..>...
#.............K.###..
**####..#.................
*,,.....#..#####...#####..
#,###...#..# ##..# *#..


You could see Sonja, an orc warrior and a meliai.

Vanquished Creatures
  An ironheart preserver (D:11)
  Fannar (D:10)
  A centaur warrior (D:11)
  A two-headed ogre (shapeshifter) (D:9)
  A two-headed ogre (D:10)
  A skeletal warrior (D:11)
  2 unseen horrors (D:11)
  2 orc knights
  Pikel (D:3)
  A wolf spider zombie (D:10)
  2 ugly things
  A manticore (D:11)
  4 centaur zombies
  A gargoyle (D:9)
  A yaktaur (D:11)
  2 trolls
  Grinder (D:3)
  A hornet (D:12)
  Prince Ribbit (D:7)
  5 hippogriffs
  A meliai zombie (D:11)
  2 shadows
  A wyvern (D:9)
  A wraith (D:11)
  4 vampire mosquitoes (D:11)
  A hungry ghost (D:6)
  2 wargs (D:11)
  2 acid dragons (D:10)
  A porcupine (D:8)
  3 orc warriors
  A slave (D:3)
  An ice beast (D:11)
  5 ogres
  2 sky beasts
  4 phantoms
  4 centaurs
  Blork the orc (D:4)
  3 big kobolds
  4 bullfrogs
  A gnoll sergeant (D:11)
  A wyvern zombie (D:6)
  2 scorpions
  5 killer bees
  10 wights
  3 howler monkeys
  3 crimson imps
  5 orc priests
  4 hounds
  Crazy Yiuf (D:4)
  3 centaur skeletons
  12 orc wizards
  3 iguanas
  2 bullfrog skeletons
  9 worker ants
  3 hound zombies
  3 hound skeletons
  Robin (D:3)
  A worker ant zombie (D:9)
  11 adders
  5 gnolls (D:11)
  2 shadow imps
  An ooze (D:3)
  2 adder skeletons
  A worm (D:3)
  5 dart slugs
  7 leopard geckos
  25 orcs
  7 bats
  14 goblins
  11 hobgoblins
  3 jackals (D:4)
  2 quokkas
  A ball python (D:2)
  5 frilled lizards
  17 kobolds
  3 rats
268 creatures vanquished.

Vanquished Creatures (others)
  A slave (D:3)
  5 fungi
  A plant (D:8)
7 creatures vanquished.

Grand Total: 275 creatures vanquished

Notes
Turn   | Place    | Note
-------+----------+-------------------------------------------
     0 | D:1      | Leeroy the Skeleton Reaver began the quest for the Orb.
     0 | D:1      | Reached XP level 1. HP: 14/14 MP: 4/4
   181 | D:1      | Reached XP level 2. HP: 15/19 MP: 6/6
   768 | D:2      | Reached skill level 5 in Long Blades
   831 | D:2      | Reached XP level 3. HP: 15/23 MP: 5/7
   925 | D:2      | Found a blossoming altar of Fedhas.
  1167 | D:2      | Reached skill level 1 in Armour
  1183 | D:2      | Reached * piety under Vehumet
  1183 | D:2      | Offered knowledge of Freeze by Vehumet.
  1189 | D:2      | Learned a level 1 spell: Freeze
  1265 | D:2      | Noticed an ogre
  1413 | D:3      | Reached XP level 4. HP: 14/28 MP: 5/8
  1701 | D:3      | Found a shadowy altar of Dithmenos.
  1733 | D:3      | Found a radiant altar of Vehumet.
  1829 | D:3      | Noticed a phantom
  1925 | D:3      | Killed a phantom
  1925 | D:3      | Reached skill level 5 in Armour
  1925 | D:3      | Reached XP level 5. HP: 13/32 MP: 9/9
  2166 | D:3      | Noticed Robin
  2248 | D:3      | Reached ** piety under Vehumet
  2251 | D:3      | Offered knowledge of Magic Dart by Vehumet.
  2260 | D:3      | Killed Robin
  2544 | D:3      | Learned a level 1 spell: Magic Dart
  2550 | D:3      | Learned a level 5 spell: Iskenderun's Battlesphere
  2562 | D:3      | Found a glowing silver altar of Zin.
  2562 | D:3      | Found a shimmering blue altar of Sif Muna.
  2867 | D:2      | Killed an ogre
  2867 | D:2      | Gained mutation: You regenerate a little health from kills.
                  | [Skeleton growth]
  2867 | D:2      | Reached XP level 6. HP: 13/37 MP: 3/10
  3448 | D:4      | Noticed Blork the orc
  3497 | D:4      | Killed Blork the orc
  3727 | D:4      | Reached XP level 7. HP: 41/41 MP: 9/11
  3884 | D:4      | Found a runed door.
  3888 | D:4      | Noticed Crazy Yiuf
  3900 | D:4      | Killed Crazy Yiuf
  4143 | D:4      | Noticed Grinder
  4172 | D:4      | Found a sparkling altar of Nemelex Xobeh.
  4173 | D:4      | Noticed Pikel
  4335 | D:3      | Killed Pikel
  4335 | D:3      | Reached skill level 10 in Long Blades
  4335 | D:3      | Reached XP level 8. HP: 37/46 MP: 12/12
  4351 | D:3      | Paralysed by Grinder for 4 turns
  4381 | D:3      | Paralysed by Grinder for 4 turns
  4386 | D:3      | Paralysed by Grinder for 3 turns
  4406 | D:3      | Killed Grinder
  4981 | D:5      | Entered Level 5 of the Dungeon
  5071 | D:6      | Reached skill level 5 in Shields
  5598 | D:6      | Offered knowledge of Ignite Poison by Vehumet.
  5608 | D:6      | Learned a level 3 spell: Ignite Poison
  5632 | D:6      | Reached XP level 9. HP: 50/50 MP: 13/13
  5649 | D:6      | Reached skill level 1 in Bows
  5727 | D:6      | Reached skill level 1 in Fire Magic
  5727 | D:6      | Reached skill level 1 in Poison Magic
  5729 | D:6      | Noticed a red ugly thing
  5757 | D:6      | Found Dizelesm's Armour Shop.
  5839 | D:6      | Reached skill level 5 in Conjurations
  6011 | D:6      | Reached *** piety under Vehumet
  6137 | D:6      | Noticed a troll
  6322 | D:7      | Found a shadowy altar of Dithmenos.
  6508 | D:7      | Offered knowledge of Airstrike by Vehumet.
  6508 | D:7      | Reached skill level 5 in Dodging
  6514 | D:7      | Learned a level 4 spell: Airstrike
  6546 | D:7      | Noticed a troll
  6679 | D:7      | Found Vuholicu's Jewellery Emporium.
  7069 | D:7      | Noticed Prince Ribbit
  7201 | D:7      | Killed Prince Ribbit
  7376 | D:7      | Found an ornate altar of the Wu Jian Council.
  7439 | D:8      | Noticed a troll
  7550 | D:8      | Gained mutation: Your movements are less encumbered by
                  | armour. (ER -4) [Skeleton growth]
  7550 | D:8      | Reached XP level 10. HP: 47/58 MP: 14/14
  7762 | D:9      | Reached skill level 5 in Fighting
  8188 | D:9      | Found a bloodstained altar of Trog.
  8206 | D:9      | Noticed a two-headed ogre
  8221 | D:9      | Killed a two-headed ogre
  8316 | D:9      | Reached **** piety under Vehumet
  8674 | D:9      | Noticed an orc knight
  8685 | D:10     | Entered Level 10 of the Dungeon
  8715 | D:10     | Reached skill level 5 in Spellcasting
  8769 | D:11     | Found Plog's Antique Weapon Boutique.
  8773 | D:11     | Offered knowledge of Lee's Rapid Deconstruction by Vehumet.
  8794 | D:11     | Reached skill level 1 in Air Magic
  8873 | D:11     | Noticed a white ugly thing
  8900 | D:10     | Noticed a cyan ugly thing
  8916 | D:10     | Killed a cyan ugly thing
  8964 | D:10     | Learned a level 5 spell: Lee's Rapid Deconstruction
  9029 | D:10     | Reached skill level 1 in Earth Magic
  9182 | D:10     | Noticed a gargoyle
  9206 | D:10     | Reached XP level 11. HP: 31/67 MP: 4/18
  9588 | D:9      | Killed an orc knight
  9779 | D:9      | Reached skill level 5 in Earth Magic
 10281 | D:10     | Noticed Fannar
 10430 | D:11     | Noticed a centaur warrior
 11004 | D:10     | Found Quwn's Weapon Shop.
 11248 | D:11     | Killed a white ugly thing
 11754 | D:11     | Noticed an orange crystal statue
 11833 | D:11     | Killed a centaur warrior
 12007 | D:11     | Noticed a cyclops
 12845 | D:11     | Killed an unseen horror
 12954 | D:11     | Noticed Sonja
 12954 | D:11     | Noticed an ironheart preserver
 13030 | D:11     | Killed an ironheart preserver
 13039 | D:11     | Reached ***** piety under Vehumet
 13054 | D:11     | Noticed a two-headed ogre
 13064 | D:12     | Entered Level 12 of the Dungeon
 13337 | D:12     | Found Kyfuquw's Book Shoppe.
 13355 | D:12     | Reached skill level 10 in Shields
 13421 | D:12     | Noticed a seven-headed hydra
 13428 | D:12     | Reached XP level 12. HP: 69/72 MP: 19/19
 13556 | D:11     | Offered knowledge of Bolt of Magma by Vehumet.
 14102 | D:10     | Killed a two-headed ogre
 14111 | D:10     | Learned a level 5 spell: Bolt of Magma
 14431 | D:11     | Hit by a large rock thrown by a cyclops
 14432 | D:11     | Reached XP level 11. HP: -10/67 MP: 0/21
 14513 | D:11     | Killed an unseen horror
 14557 | D:10     | Killed Fannar
 14726 | D:12     | Noticed an orc knight
 14745 | D:12     | Killed an orc knight
 14751 | D:11     | HP: 2/67 [meliai/+0 war axe (4)]
 14751 | D:11     | Slain by Sonja
 14752 | D:11     | Found a gate to the Vaults.
 14752 | D:11     | Reached XP level 10. HP: -1/63 MP: 0/21
 14774 | D:11     | HP: 1/63 [meliai/+0 war axe (3)]
 14776 | D:11     | Killed from afar by a meliai

Skill      XL: |  1  2  3  4  5  6  7  8  9 10 11 12 |
---------------+-------------------------------------+-----
Long Blades    | 4 5 6 7 10 | 10.0
Armour         | 2 5 |  5.4
Shields        | 6 10 | 10.7
Conjurations   | 4 7 |  7.4
Bows           | 1 |  1.4
Fire Magic     | 1 3 |  3.1
Poison Magic   | 1 |  1.1
Dodging        | 6 |  6.0
Fighting       | 4 7 |  7.5
Spellcasting   | 5 7 |  7.4
Air Magic      | 3 |  3.9
Earth Magic    | 3 8 |  8.5
Stealth        | 2 |  2.2
Evocations     | |  0.3

Action                   |  1- 3 |  4- 6 |  7- 9 | 10-12 || total
-------------------------+-------+-------+-------+-------++-------
Melee: Long sword        |   175 |   198 |   217 |   220 ||   810
       Dagger            |       |     9 |   131 |     7 ||   147
       Short sword       |       |     8 |    14 |       ||    22
       Scimitar          |       |       |   191 |   403 ||   594
Throw: Tomahawk          |       |       |     5 |       ||     5
       Javelin           |       |       |       |    10 ||    10
 Cast: Magic Dart        |       |       |    26 |    38 ||    64
       Airstrike         |       |       |       |    20 ||    20
       Lee's Rapid Decon |       |       |       |    15 ||    15
       Bolt of Magma     |       |       |       |     9 ||     9
       Iskenderun's Batt |       |       |       |     1 ||     1
Evoke: Wand              |       |       |     1 |     2 ||     3
  Use: Scroll            |       |       |     3 |    23 ||    26
 Stab: Fleeing           |       |       |       |     1 ||     1
Armor: Steam dragon scal |    14 |       |       |       ||    14
       Plate armour      |   103 |   163 |   301 |   448 ||  1015
Dodge: Dodged            |    72 |    89 |   174 |   300 ||   635
Block: Other             |     1 |       |       |       ||     1
       Buckler           |       |     8 |   111 |   253 ||   372
